 Dungeon Crawl Stone Soup version 0.22.1-2-g9c5b331 (webtiles) character file.

90 diana the Slasher (level 4, 0/33 HPs)
             Began as a Demonspawn Gladiator on Nov 17, 2018.
             Slain by a worm (9 damage)
             ... on level 2 of the Dungeon.
             The game lasted 00:02:51 (1300 turns).

diana the Slasher (Demonspawn Gladiator)            Turns: 1300, Time: 00:02:52

Health: 0/33       AC:  6    Str: 16    XL:     4   Next: 32%
Magic:  4/4        EV: 12    Int:  9    God:
Gold:   113        SH:  0    Dex: 14    Spells: 3/3 levels left

rFire    . . .     SeeInvis .   a - +0 long sword
rCold    . . .     Gourm    .   (no shield)
rNeg     . . .     Faith    .   b - +0 leather armour
rPois    .         Spirit   .   c - +0 helmet
rElec    .         Reflect  .   (no cloak)
rCorr    .         Harm     .   (no gloves)
MR       .....                  (no boots)
Stlth    +.........             (no amulet)
HPRegen  0.11/turn              (no ring)
MPRegen  0.09/turn              (no ring)

@: no status effects
A: talons 1, icy blue scales 1
a: no special abilities


You were on level 2 of the Dungeon.
You were not hungry.

You visited 1 branch of the dungeon, and saw 2 of its levels.

You collected 113 gold pieces.

Inventory:

Hand Weapons
 a - a +0 long sword (weapon)
Missiles
 d - 3 throwing nets (quivered)
Armour
 b - a +0 leather armour (worn)
 c - a +0 helmet (worn)
Jewellery
 j - an uncursed ring of protection from cold {unknown}
 r - an uncursed ring of positive energy {unknown}
 t - an uncursed ring of protection from magic {unknown}
Scrolls
 h - a scroll of fog {unknown}
 i - 2 scrolls of identify {unknown}
 m - 2 scrolls of magic mapping {unknown}
 n - 2 scrolls of amnesia {unknown}
 q - a scroll of blinking {unknown}
 s - 2 scrolls of teleportation {unknown}
 u - 2 scrolls of random uselessness {unknown}
Potions
 e - 2 potions of curing {unknown}
 g - a potion of resistance {unknown}
 k - a potion of flight {unknown}
 l - a potion of berserk rage {unknown}
 o - a potion of experience {unknown}
 p - a potion of brilliance {unknown}
Comestibles
 f - 5 rations


   Skills:
 - Level 2.0 Fighting
 + Level 4.7 Long Blades
 - Level 1.7 Throwing
 - Level 2.6 Dodging


You had 3 spell levels left.
You didn't know any spells.
Your spell library was empty.

Dungeon Overview and Level Annotations

Branches:
Dungeon (2/15)

Altars:


Innate Abilities, Weirdness & Mutations

You have sharp toenails.
You are partially covered in icy blue scales. (AC +2)


Message History

The orc is almost dead.
The orc closely misses you.
You riposte.
Your leather armour prevents you from hitting the orc.
Your kick misses the orc.
The orc is almost dead.
The orc hits you but does no damage. The orc misses you.
You barely miss the orc.
The orc is almost dead.
The orc completely misses you. x2; The orc closely misses you.
You slash the orc!
You kill the orc!
The orc barely misses you.
The orc hits you from afar with an enchanted trident.
The orc hits you with a club.
* * * LOW HITPOINT WARNING * * *
The orc barely misses you.
Things that are here:
a club; a chain mail You hit the orc but do no damage.
The worm bites you!
You die...

#...... ## #..=...
.....# ######
...#########.....
##.#.........####
########....#########
#) ..........### #.
......wo.## #.
.......@## #.
......o.# #.
........# ##
#########


You could see a worm and 2 orcs.

Vanquished Creatures
  A gnoll (D:1)
  An adder (D:2)
  An ooze (D:1)
  2 worms (D:2)
  3 dart slugs
  2 orcs (D:2)
  A ball python (D:1)
  2 giant cockroaches (D:1)
  6 goblins (D:1)
  10 hobgoblins
  A quokka (D:2)
  4 bats (D:1)
  6 frilled lizards
  6 kobolds
  8 rats
54 creatures vanquished.

Notes
Turn   | Place    | Note
-------+----------+-------------------------------------------
     0 | D:1      | diana the Demonspawn Gladiator began the quest for the Orb.
     0 | D:1      | Reached XP level 1. HP: 16/16 MP: 1/1
    20 | D:1      | Reached skill level 3 in Long Blades
    25 | D:1      | Gained mutation: You are partially covered in icy blue
                  | scales. (AC +2) [demonic ancestry]
    25 | D:1      | Reached XP level 2. HP: 12/22 MP: 2/2
   489 | D:1      | Reached XP level 3. HP: 13/27 MP: 3/3
   636 | D:1      | Reached skill level 4 in Long Blades
  1080 | D:2      | Gained mutation: You have sharp toenails. [demonic
                  | ancestry]
  1080 | D:2      | Reached XP level 4. HP: 20/33 MP: 4/4
  1300 | D:2      | Slain by a worm

Skill      XL: |  1  2  3 |
---------------+----------+-----
Long Blades    | 3 4 |  4.7
Fighting       | |  2.0
Throwing       | |  1.7
Dodging        | |  2.6

Action                   |  1- 3 |  4- 6 || total
-------------------------+-------+-------++-------
Melee: Long sword        |   126 |    22 ||   148
       Kick              |       |     8 ||     8
 Stab: Sleeping          |     1 |       ||     1
  Eat: Chunk             |       |     2 ||     2
Armor: Leather armour    |    48 |     5 ||    53
Dodge: Dodged            |   105 |    20 ||   125
       Rpst.: Long sword |    26 |     6 ||    32
